 Dungeon Crawl Stone Soup version 0.28.0-49-g6dfe1f597d (webtiles) character file.

Game seed: 15274904998349935391

23 Zeld the Vexing (level 3, 0/26 HPs)
             Began as a Formicid Arcane Marksman on May 19, 2022.
             Slain by an adder (4 damage)
             ... on level 2 of the Dungeon.
             The game lasted 00:02:29 (1307 turns).

Zeld the Vexing (Formicid Arcane Marksman)          Turns: 1307, Time: 00:02:30

Health: 0/26       AC:  2    Str: 14    XL:     3   Next: 12%
Magic:  3/5        EV: 12    Int: 12    God:
Gold:   64         SH:  0    Dex: 13    Spells: 1/5 levels left

rFire   . . .      SeeInvis +   a - +0 hunting sling
rCold   . . .      Faith    .   (no shield)
rNeg    . . .      Spirit   .   d - +0 robe
rPois   .          Reflect  .   (helmet unavailable)
rElec   .          Harm     .   (no cloak)
rCorr   .          Rampage  .   (no gloves)
Will    +....                   (no boots)
Stlth   +.........              (no amulet)
HPRegen 0.08/turn               h - ring of willpower
MPRegen 0.09/turn               (no ring)

@: lethally poisoned (0 -> -5), very slightly contaminated
A: permanent stasis, dig shafts and tunnels, antennae 3, four strong arms
a: Dig, Shaft Self


You were on level 2 of the Dungeon.
You visited 1 branch of the dungeon, and saw 2 of its levels.

You collected 64 gold pieces.

Inventory:

Hand Weapons
 a - a +0 hunting sling (weapon)
Missiles
 e - 19 stones (quivered ammo)
Armour
 d - a +0 robe (worn)
Jewellery
 h - a ring of willpower (left hand)
Scrolls
 b - 2 scrolls of teleportation {unknown}
 c - a scroll of enchant weapon {unknown}
 f - a scroll of silence {unknown}
Potions
 g - 2 potions of invisibility {unknown}


   Skills:
 + Level 1.5 Fighting
 * Level 2.7 Slings
 + Level 2.0 Dodging
 + Level 1.5 Spellcasting
 + Level 3.8 Hexes


You had one spell level left.
You knew the following spells:

 Your Spells              Type           Power      Damage    Failure   Level
a - Slow                  Hex            40%        N/A       6%          1
b - Inner Flame           Hex/Fire       5%         N/A       36%         3

Your spell library contained the following spells:

 Spells                   Type           Power      Damage    Failure   Level
 Animate Skeleton         Necr           0%         N/A       28%         1
 Apportation              Tloc           0%         N/A       28%         1
 Sandblast                Erth           0%         2d4       28%         1
 Summon Small Mammal      Summ           0%         N/A       28%         1
 Portal Projectile        Hex/Tloc       10%        N/A       36%         3
 Passwall                 Tmut/Erth      0%         N/A       41%         2
 Cause Fear               Hex            5%         N/A       50%         4
 Stone Arrow              Conj/Erth      0%         3d7       65%         3


Dungeon Overview and Level Annotations

Branches:
Dungeon (2/15)

Altars:


Innate Abilities, Weirdness & Mutations

You cannot be hasted, slowed, berserked, paralysed or teleported.
You can dig through walls and to a lower floor.
You have a pair of large antennae on your head. (SInv)
Your four strong arms can wield two-handed weapons with a shield.


Message History

You shoot a stone. The stone hits the adder.
The adder is moderately wounded.
You feel sick. The adder closely misses you.
You shoot a stone.
The stone hits the adder but does no damage.
The adder is moderately wounded.
You feel sick. The adder bites you. The adder closely misses you.
You are too injured to fight recklessly!
Casting: Slow (safe; 6% risk of failure)
Confirm with . or Enter, or press ? or * to list all spells.
Aiming: Slow (safe; 6% risk of failure)
Press: ? - help, Shift-Dir - straight line, f/p - adder
Aim: an adder (moderately wounded, chance to affect: 57%)
The adder seems to slow down.
You feel sick. The adder bites you.
Unknown command.
You feel sick.
You feel sick.
You are no longer poisoned.
The adder is no longer moving slowly.
Casting: Slow (safe; 6% risk of failure)
Confirm with . or Enter, or press ? or * to list all spells.
Aiming: Slow (safe; 6% risk of failure)
Press: ? - help, Shift-Dir - straight line, f/p - adder
Aim: an adder (moderately wounded, chance to affect: 57%)
The adder resists with significant effort.
The adder bites you.
* * * LOW HITPOINT WARNING * * *
You are lethally poisoned!
The adder poisons you!
Casting: Slow (safe; 6% risk of failure)
Confirm with . or Enter, or press ? or * to list all spells.
Aiming: Slow (safe; 6% risk of failure)
Press: ? - help, Shift-Dir - straight line, f/p - adder
Aim: an adder (moderately wounded, chance to affect: 57%)
You miscast Slow.
You are very lightly contaminated with residual magic.
Nothing appears to happen.
* * * LOW HITPOINT WARNING * * *
You feel sick. The adder misses you. The adder bites you.
You die...

### ##.##
############...######
#....................
#.#####.............#
##.#####.#####........
#...S@...# #.#####.#
#..####### #.# #.#
#..## #.# ##<# #>..#
#.####... ##..#
#...[.... #..#
######... #..# ##.#
#..# #.# #..###### #.#


You could see an adder.

Vanquished Creatures
  2 dart slugs
  4 endoplasms
  2 giant cockroaches
  A goblin (D:1)
  2 hobgoblins (D:1)
  3 bats
  A frilled lizard (D:1)
  2 rats (D:1)
17 creatures vanquished.

Notes
Turn   | Place    | Note
-------+----------+-------------------------------------------
     0 | D:1      | Zeld the Formicid Arcane Marksman began the quest for the
                  | Orb.
     0 | D:1      | Reached XP level 1. HP: 15/15 MP: 2/2
   267 | D:1      | Reached XP level 2. HP: 20/21 MP: 3/3
   341 | D:1      | Found a faded altar of an unknown god.
  1175 | D:2      | Reached XP level 3. HP: 26/26 MP: 5/5
  1179 | D:2      | Learned a level 3 spell: Inner Flame
  1307 | D:2      | Slain by an adder

Illustrated notes

Levels and vault maps discovered:
D:1:      scummos_arrival_hexagon, layout_loops_cross,
          ebering_ecumenical_altar_mist, corexii_leaking_fountain, st_stairs_2
D:2:      layout_loops_ring

Skill      XL: |  1  2 |
---------------+-------+-----
Dodging        | 2 |  2.0
Fighting       | |  1.5
Slings         | |  2.7
Spellcasting   | |  1.5
Hexes          | |  3.8

Action                   || total
-------------------------++-------
 Fire: Hunting sling     ||    93
 Cast: Slow              ||     5
Armor: Robe              ||     6
Dodge: Dodged            ||    34
